 Dungeon Crawl Stone Soup version 0.25.1-2-g60ff931df9 (webtiles) character file.

Game seed: 6227220805424329792

202 gruber the Shield-Bearer (level 5, -2/32 HPs)
             Began as a Gargoyle Fighter on Nov 29, 2020.
             Killed by divine providence
             ... invoked by an orc priest
              (13 damage)
             ... on level 4 of the Dungeon.
             The game lasted 00:02:46 (2843 turns).

gruber the Shield-Bearer (Gargoyle Fighter)         Turns: 2843, Time: 00:02:47

Health: -2/32      AC: 12    Str: 20    XL:     5   Next: 80%
Magic:  5/5        EV:  7    Int:  9    God:
Gold:   206        SH:  9    Dex:  9    Spells: 4/4 levels left

rFire    . . .     SeeInvis .   a - +0 flail
rCold    . . .     Gourm    .   c - +0 kite shield
rNeg     + . .     Faith    .   b - +0 scale mail
rPois    ∞         Spirit   .   q - +0 helmet
rElec    +         Reflect  .   (no cloak)
rCorr    .         Harm     .   (no gloves)
MR       .....                  (no boots)
Stlth    ..........             (no amulet)
HPRegen  0.10/turn              (no ring)
MPRegen  0.09/turn              (no ring)

@: no status effects
A: negative energy resistance 1, electricity resistance, unbreathing,
petrification resistance, rot immunity, AC +4
a: no special abilities


You were on level 4 of the Dungeon.
You were not hungry.

You visited 1 branch of the dungeon, and saw 4 of its levels.

You collected 206 gold pieces.

Inventory:

Hand Weapons
 a - a +0 flail (weapon)
 o - a +0 hand crossbow
Missiles
 i - 25 poisoned darts (quivered)
 p - 12 bolts
Armour
 b - a +0 scale mail (worn)
 c - a +0 kite shield (worn)
 q - a +0 helmet (worn)
Scrolls
 e - 6 scrolls of identify {unknown}
 h - a scroll of enchant armour {unknown}
 j - a scroll of enchant weapon {unknown}
 k - a scroll of blinking {unknown}
 l - 3 scrolls of remove curse {unknown}
Potions
 d - a potion of might
 g - a potion of curing {unknown}
 m - a potion of heal wounds {unknown}
Comestibles
 f - 5 rations


   Skills:
 - Level 3.2 Fighting
 + Level 3.7 Maces & Flails
 + Level 4.6 Armour
 + Level 4.8 Shields


You had 4 spell levels left.
You didn't know any spells.
Your spell library was empty.

Dungeon Overview and Level Annotations

Branches:
Dungeon (4/15)
 Temple: D:4-7

Altars:
Gozag


Innate Abilities, Weirdness & Mutations

You are resistant to torment.
Your stone body is resilient. (AC +4)
You are immune to poison.
You resist negative energy. (rN+)
You are resistant to electric shocks. (rElec)
You can survive without breathing.
You are immune to petrification.
You are immune to rotting.


Message History

You are too injured to fight recklessly!
Firing (i - inventory. (/) - cycle)
p - 14 bolts (quivered)
Press: ? - help, Shift-Dir - straight line, f/p - orc priest
Aim: an orc priest, wielding a -3 war axe You shoot a bolt.
The bolt hits the orc priest.
The orc priest is lightly wounded.
Unknown command.
Firing (i - inventory. (/) - cycle)
p - 13 bolts (quivered)
Press: ? - help, Shift-Dir - straight line, f/p - orc priest
Aim: an orc priest, wielding a -3 war axe (lightly wounded)
You shoot a bolt. The bolt closely misses the orc priest.
Unknown command.
a - a +0 flail (weapon)
The orc priest casts a cantrip, but nothing happens.
All of the chunks of flesh in your inventory have rotted away.
You hit the orc priest.
The orc priest is heavily wounded.
The orc priest calls down the wrath of Beogh upon you.
Beogh smites you!
You die...

############## ####
#.@o..()((...# #...
#########.##########.#
#.# #.........# #.#
#.# #.#########
#.###.# #.# #.....#
#.# ####### #######.#
.>......# ######.## ##


You could see an orc priest.

Vanquished Creatures
  Jessica (D:2)
  A worker ant (D:4)
  5 adders
  2 oozes
  5 worms
  A dart slug (D:2)
  5 leopard geckos
  2 orcs (D:4)
  5 giant cockroaches
  7 goblins
  10 hobgoblins
  4 jackals (D:1)
  6 kobolds
  2 quokkas
  A ball python (D:1)
  7 bats
  7 frilled lizards
  6 rats
77 creatures vanquished.

Notes
Turn   | Place    | Note
-------+----------+-------------------------------------------
     0 | D:1      | gruber the Gargoyle Fighter began the quest for the Orb.
     0 | D:1      | Reached XP level 1. HP: 14/14 MP: 1/1
    84 | D:1      | Reached XP level 2. HP: 15/19 MP: 2/2
   746 | D:2      | Noticed Jessica
   758 | D:2      | Killed Jessica
   758 | D:2      | Reached XP level 3. HP: 21/23 MP: 3/3
   954 | D:2      | Reached XP level 4. HP: 28/28 MP: 4/4
  1616 | D:2      | Found an opulent altar of Gozag.
  1769 | D:2      | Reached XP level 5. HP: 32/32 MP: 5/5
  2843 | D:4      | Killed from afar by an orc priest

Illustrated notes

Levels and vault maps discovered:
D:1:      dpeg_arrival_stone_temple_mockup, layout_loops_ring
D:2:      minmay_alternating_diamond, layout_basic, lemuel_doored_altar,
          minmay_tetromino_t4, uniq_jessica
D:3:      layout_loops_cross
D:4:      layout_loops_ring, serial_bayou_lagoon_a, serial_bayou_pond_e,
          led_sif_pool

Skill      XL: |  1  2  3  4 |
---------------+-------------+-----
Armour         | 4 |  4.6
Shields        | 4 |  4.8
Maces & Flails | 3 |  3.7
Fighting       | |  3.2

Action                   |  1- 3 |  4- 6 || total
-------------------------+-------+-------++-------
Melee: Flail             |    70 |   258 ||   328
 Fire: Hand crossbow     |       |     7 ||     7
  Eat: Chunk             |       |     7 ||     7
Armor: Scale mail        |    34 |   157 ||   191
Dodge: Dodged            |    19 |    67 ||    86
Block: Kite shield       |    34 |   142 ||   176
